 Dungeon Crawl Stone Soup version 0.18-b1-23-gf76aad1 (webtiles) character file.

584 shmeve the Skirmisher (level 7, 51/61 HPs)
             Began as a Purple Draconian Berserker on May 5, 2016.
             Was a Priest of Trog.
             Quit the game on level 6 of the Dungeon.
             The game lasted 00:06:00 (2938 turns).

shmeve the Skirmisher (Purple Draconian Berserker)  Turns: 2938, Time: 00:06:01

Health: 51/61      AC:  7    Str: 21    XL:     7   Next: 14%
Magic:  7/7        EV: 13    Int:  7    God:    Trog [***...]
Gold:   124        SH:  0    Dex: 11    Spells: 0 memorised, 6 levels left

rFire  . . .     SeeInvis .     s - +0 battleaxe
rCold  . . .     Gourm    .     (armour unavailable)
rNeg   . . .     Faith    .     (shield currently unavailable)
rPois  .         Spirit   .     (helmet restricted)
rElec  .         Dismiss  .     (no cloak)
rCorr  .         Reflect  .     k - +0 pair of gloves
SustAt .         Harm     .     (no boots)
MR     +....                    (no amulet)
Stlth  ++........               (no ring)
                                p - ring of flight

@: somewhat resistant to hostile enchantments, unstealthy
A: breathe power, unfitting armour, cold-blooded, AC +6
a: Breathe Dispelling Energy, Berserk, Trog's Hand, Burn Spellbooks, Renounce
Religion, Evoke Flight


You were on level 6 of the Dungeon.
You worshipped Trog.
Trog was most pleased with you.
You were not hungry.

You visited 1 branch of the dungeon, and saw 4 of its levels.

You collected 124 gold pieces.

Inventory:

Hand Weapons
 a - a +0 hand axe
 s - a +0 battleaxe (weapon)
Armour
 k - a +0 pair of gloves (worn)
Jewellery
 p - a ring of flight (left hand)
 t - an uncursed ring of stealth {unknown}
Scrolls
 d - a scroll of enchant armour {unknown}
 g - a scroll of random uselessness {unknown}
 h - a scroll of fear {unknown}
 i - 3 scrolls of identify {unknown}
 j - a scroll of amnesia {unknown}
 m - 2 scrolls of teleportation {unknown}
 n - 2 scrolls of remove curse {unknown}
 o - a scroll of immolation {unknown}
Potions
 e - 2 potions of haste {unknown}
 f - 3 potions of lignification {unknown}
 l - 2 potions of curing
 q - a potion of might {unknown}
Comestibles
 b - a bread ration
 c - 3 meat rations
 r - a chunk of flesh


   Skills:
 * Level 5.2 Fighting
 * Level 5.2 Axes
 * Level 4.4 Dodging
 + Level 3.1 Stealth


You had 6 spell levels left.
You didn't know any spells.

Dungeon Overview and Level Annotations

Branches:
Dungeon (3/15)

Altars:
Trog
Yredelemnul
The Shining One


Innate Abilities, Weirdness & Mutations

You can breathe bolts of dispelling energy.
Your rich purple scales are hard (AC +6).
Your body does not fit into most forms of armour.
You are cold-blooded and may be slowed by cold attacks.


Message History

The giant frog is almost dead.
The giant frog hits you but does no damage. x2
You closely miss the giant frog.
Your tail-slap misses the giant frog.
The giant frog is almost dead.
The giant frog misses you. The giant frog closely misses you.
You hit the giant frog.
You kill the giant frog!
Trog accepts your kill.
You have got your breath back.
You see here a giant frog corpse.
Eating one of 2 chunks of flesh.
This raw flesh tastes terrible.
You continue eating. x2
You feel less exhausted.
You open the door.
Found 9 bolts.
There is an open door here.
You open the door.
There is an open door here.
t - a tubular iron ring Are you sure you want to abandon this character and quit the game? (Confirm with "yes".)

.... ...# .... #...
#..##....
#...###..##..#
#............##
#.............#
#.............#
#.............#
#...@........#
########+##..##
#...# #...# #...#
#...# #### #..##
.......#..# ##'#
.......+..#....#..#


There were no monsters in sight!

Vanquished Creatures
  An orc warrior (D:6)
  An ogre (D:6)
  A giant frog (D:6)
  2 orc priests
  Ijyb (D:3)
  5 orc wizards
  A worker ant (D:3)
  4 adders
  An ooze (D:2)
  2 dart slugs
  4 giant geckos
  15 orcs (D:3)
  9 bats
  4 giant cockroaches (D:2)
  5 goblins
  2 hobgoblins
  4 giant newts
  7 kobolds
  5 rats
74 creatures vanquished.

Notes
Turn   | Place    | Note
--------------------------------------------------------------
     0 | D:1      | shmeve the Draconian Berserker began the quest for the Orb.
     0 | D:1      | Reached XP level 1. HP: 19/19 MP: 1/1
   547 | D:1      | Reached XP level 2. HP: 19/26 MP: 2/2
   851 | D:2      | Found a glowing golden altar of the Shining One.
   935 | D:2      | Reached XP level 3. HP: 23/31 MP: 3/3
   948 | D:2      | Found a basalt altar of Yredelemnul.
   961 | D:2      | Reached ** piety under Trog
  1438 | D:3      | Reached skill level 1 in Stealth
  1439 | D:3      | Reached XP level 4. HP: 40/40 MP: 4/4
  1656 | D:3      | Noticed Ijyb
  1673 | D:3      | Killed Ijyb
  1673 | D:3      | Reached XP level 5. HP: 46/46 MP: 5/5
  2435 | D:3      | Found a bloodstained altar of Trog.
  2583 | D:3      | Reached *** piety under Trog
  2658 | D:3      | You fall through a shaft for 3 floors!
  2658 | D:6      | Noticed an orc warrior
  2664 | D:6      | Reached XP level 6. HP: 41/53 MP: 6/6
  2669 | D:6      | Killed an orc warrior
  2858 | D:6      | Reached skill level 5 in Fighting
  2858 | D:6      | Reached skill level 5 in Axes
  2858 | D:6      | Your scales start taking on a rich purple colour.
  2858 | D:6      | Reached XP level 7. HP: 57/61 MP: 7/7
  2938 | D:6      | Quit the game

Skill      XL: |  1  2  3  4  5  6  7 |
---------------+----------------------+-----
Dodging        | 3 4 |  4.4
Stealth        | 1 2 3 |  3.1
Fighting       | 4 5 |  5.2
Axes           | 4 5 |  5.2

Action                   |  1- 3 |  4- 6 |  7- 9 || total
-------------------------+-------+-------+-------++-------
Melee: Hand axe          |   101 |   110 |       ||   211
       Tailslap          |    11 |    15 |       ||    26
       Battleaxe         |       |     1 |     9 ||    10
Invok: Berserk           |     1 |     3 |       ||     4
       Trog's Hand       |       |     1 |       ||     1
 Abil: Breathe Dispellin |       |       |     1 ||     1
 Stab: Sleeping          |     2 |     2 |       ||     4
  Eat: Chunk             |     1 |     4 |     2 ||     7
       Bread ration      |       |     1 |       ||     1
Armor: Skin              |    29 |    29 |     6 ||    64
Dodge: Dodged            |    90 |    58 |    10 ||   158
